 Dungeon Crawl Stone Soup version 0.21.1-1-g345015fe64 (webtiles) character file.

231 Ikesh the Charlatan (level 5, -1/39 HPs)
             Began as a Deep Dwarf Artificer on Mar 10, 2018.
             Slain by a sky beast (4 damage)
             ... on level 4 of the Dungeon.
             The game lasted 00:18:33 (2243 turns).

Ikesh the Charlatan (Deep Dwarf Artificer)          Turns: 2243, Time: 00:18:33

Health: -1/39      AC:  6    Str: 16    XL:     5   Next: 72%
Magic:  9/9        EV: 10    Int: 15    God:
Gold:   110        SH:  0    Dex: 14    Spells: 4/4 levels left

rFire    . . .     SeeInvis .   c - +1 hand axe (flame)
rCold    . . .     Gourm    .   (no shield)
rNeg     . . .     Faith    .   n - +0 scale mail
rPois    .         Spirit   .   (no helmet)
rElec    .         Reflect  .   (no cloak)
rCorr    .         Harm     .   (no gloves)
MR       .....                  (no boots)
Stlth    +.........             (no amulet)
HPRegen  0.00/turn              h - +4 ring of intelligence
MPRegen  0.11/turn              (no ring)

@: non-regenerating
A: damage resistance, heal wounds, hooves 1, frail 1, sense surroundings 1, no
potion heal 1, no regeneration
a: Heal Wounds


You were on level 4 of the Dungeon.
You were not hungry.

You visited 1 branch of the dungeon, and saw 4 of its levels.

You collected 110 gold pieces.

Inventory:

Hand Weapons
 c - a +1 hand axe of flaming (weapon)
 t - a +0 war axe
Missiles
 k - 7 javelins (quivered)
Armour
 n - a +0 scale mail (worn)
Jewellery
 h - a +4 ring of intelligence (left hand)
 m - an uncursed amulet of rage
Wands
 d - a wand of enslavement (3)
Scrolls
 a - a scroll of remove curse
 i - a scroll of identify
 j - a scroll of amnesia
 p - a scroll of fog {unknown}
 q - a scroll of teleportation
Potions
 e - a potion of invisibility
 l - a potion of haste
Books
 b - a book of Changes

   Spells                             Type                      Level
   a - Beastly Appendage              Transmutation                1
   b - Sticks to Snakes               Transmutation                2
   c - Spider Form                    Transmutation/Poison         3
   d - Ice Form                       Ice/Transmutation            4
   e - Blade Hands                    Transmutation                5
Comestibles
 f - 8 rations
 o - 6 chunks of flesh


   Skills:
 + Level 1.2 Fighting
   Level 0.8 Short Blades
 + Level 2.5 Axes
 + Level 2.2 Armour
 + Level 2.9 Dodging
 + Level 2.5 Stealth
 + Level 6.2 Evocations


You had 4 spell levels left.
You didn't know any spells.

Dungeon Overview and Level Annotations

Branches:
Dungeon (4/15)
 Temple: D:4-7

Altars:


Innate Abilities, Weirdness & Mutations

You are resistant to damage.
You can heal yourself by infusing magical energy.
You passively map a small area around you.
You do not regenerate.
You have large cloven feet.
You are frail. (-10% HP)
Potions are less effective at restoring your health.


Message History

The sky beast moves out of view.
You fail to use your ability.
You fail to use your ability.
The sky beast flickers out of sight!
Deactivating autopickup; reactivate with Ctrl-A.
Something hits you. Something shocks you.
* * * LOW HITPOINT WARNING * * *
Something hits you but does no damage. Something hits you but does no damage.
Something hits you. Something shocks you.
* * * LOW HITPOINT WARNING * * *
You hit something. You burn something. Your kick misses something.
Something hits you but does no damage.
You miss something. Something hits you. Something shocks you.
* * * LOW HITPOINT WARNING * * *
Something completely misses you.
You barely miss something. Your kick misses something.
Something hits you but does no damage.
You hit something. You burn something. Something hits you.
Something shocks you.
You die...

, , , , * * * .... ,,, * *
, ....# #.. , ,, , * ....,
####.# * ** * , ...##
#....# #....#.#..###.##.##
..#..#.##.........########
,
....#.##.#.#@#.#........#
..
..#...##....{.....#####.#
.,. ##..##.#.#.#.#.## #.#
. . *...##..........## #.#
, .#. , #.##.#.#.#.#...#
#.# #.#####.....(......#.#
#.# *
#.##....#..#.#.#.#.#.# #.#
#.##.#####.........#.# #.#
#.##.# #####.#####.####.#


There were no monsters in sight!

Vanquished Creatures
  An ogre (D:4)
  2 hounds (D:4)
  2 orc wizards
  2 adders
  A dart slug (D:1)
  A leopard gecko (D:4)
  5 orcs (D:3)
  A giant cockroach (D:4)
  2 goblins (D:3)
  3 hobgoblins
  2 kobolds (D:1)
  A quokka (D:2)
  2 ball pythons (D:1)
  6 bats
  2 frilled lizards
  A jackal skeleton (D:4)
  5 rats
39 creatures vanquished.

Vanquished Creatures (collateral kills)
  A worker ant (D:4)
  An adder skeleton (D:4)
  A worm (D:4)
  A dart slug (D:4)
  4 orcs (D:4)
  A hobgoblin (D:3)
  A jackal (D:3)
  A ball python skeleton (D:4)
  A rat (D:1)
12 creatures vanquished.

Vanquished Creatures (others)
  An adder (D:4)
  A jackal (D:3)
2 creatures vanquished.

Grand Total: 53 creatures vanquished

Notes
Turn   | Place    | Note
-------+----------+-------------------------------------------
     0 | D:1      | Ikesh the Deep Dwarf Artificer began the quest for the Orb.
     0 | D:1      | Reached XP level 1. HP: 16/16 MP: 3/3
   627 | D:1      | Reached XP level 2. HP: 24/24 MP: 5/5
  1154 | D:2      | Reached skill level 5 in Evocations
  1154 | D:2      | Reached XP level 3. HP: 27/30 MP: 6/6
  1597 | D:3      | Reached skill level 1 in Fighting
  1597 | D:3      | Reached skill level 1 in Axes
  1597 | D:3      | Reached skill level 1 in Armour
  1607 | D:3      | Reached XP level 4. HP: 32/38 MP: 8/8
  1805 | D:3      | Gained mutation: Potions are less effective at restoring your health. [potion of mutation]
  1805 | D:3      | Gained mutation: You are frail. (-10% HP) [potion of mutation]
  1805 | D:3      | Gained mutation: You have large cloven feet. [potion of mutation]
  1937 | D:4      | Noticed an ogre
  2060 | D:4      | Reached XP level 5. HP: 37/39 MP: 9/9
  2083 | D:4      | Killed an ogre
  2083 | D:4      | Reached skill level 6 in Evocations
  2224 | D:4      | Noticed a sky beast
  2243 | D:4      | Slain by a sky beast

Skill      XL: |  1  2  3  4  5 |
---------------+----------------+-----
Evocations     | 5 6 |  6.2
Fighting       | 1 |  1.2
Axes           | 1 2 |  2.5
Armour         | 1 2 |  2.2
Stealth        | 2 |  2.5
Short Blades   | |  0.8
Dodging        | |  2.9

Action                   |  1- 3 |  4- 6 || total
-------------------------+-------+-------++-------
Melee: Hand axe          |    34 |    32 ||    66
       Short sword       |     2 |       ||     2
       War axe           |       |    21 ||    21
       Kick              |       |     6 ||     6
 Abil: Heal Wounds       |       |     1 ||     1
Evoke: Wand              |    23 |    19 ||    42
  Use: Scroll            |     8 |       ||     8
       Potion            |     1 |     4 ||     5
 Stab: Paralysed         |       |     4 ||     4
  Eat: Chunk             |     2 |     2 ||     4
Armor: Leather armour    |     5 |       ||     5
       Scale mail        |    15 |    24 ||    39
Dodge: Dodged            |    19 |    39 ||    58
